 Dungeon Crawl Stone Soup version 0.21.1-1-g345015f (webtiles) character file.

13626 tidbits the Thaumaturge (level 12, -4/93 HPs)
             Began as a Gnoll Skald on June 20, 2018.
             Was a High Priest of Cheibriados.
             Slain by a seven-headed hydra (12 damage)
             ... on level 5 of the Lair of Beasts.
             The game lasted 00:41:10 (3823 turns).

tidbits the Thaumaturge (Gnoll Skald)               Turns: 3823, Time: 00:41:10

Health: -4/93      AC:  9    Str: 25    XL:     12   Next: 8%
Magic:  20/24      EV: 20    Int: 32    God:    Cheibriados [*****.]
Gold:   951        SH:  0    Dex: 27    Spells: 17/28 levels left

rFire    + . .     SeeInvis .   a - +10 dagger "Qeanigg" {pain, rPois}
rCold    + . .     Gourm    .   (no shield)
rNeg     . . .     Faith    .   B - +0 troll leather armour
rPois    +         Spirit   .   E - +0 helmet
rElec    .         Reflect  .   (no cloak)
rCorr    .         Harm     .   G - +2 pair of gloves
MR       .....     Clarity  +   (no boots)
Stlth    ++++......             U - amulet "Gauhuol" {RegenMP rC+}
HPRegen  0.65/turn              P - ring of poison resistance
MPRegen  0.44/turn              T - ring "Sausesy" {rF+ Str+2 Dex+2}

@: very slightly contaminated, very slow
A: distributed training, fangs 1, clarity, weak 1, wild magic 1, strong nose
a: Bend Time, Temporal Distortion, Slouch, Step From Time, Renounce Religion


You were on level 5 of the Lair of Beasts.
You worshipped Cheibriados.
Cheibriados was extremely pleased with you.
You were not hungry.

You visited 3 branches of the dungeon, and saw 17 of its levels.
You also visited: Ossuary and Ice Cave.

You collected 975 gold pieces.
You spent 24 gold pieces at shops.

Inventory:

Hand Weapons
 a - the +10 dagger "Qeanigg" (weapon) {pain, rPois}
   (You found it on level 9 of the Dungeon)

   In the hands of one skilled in necromantic magic, it inflicts extra damage on
   living creatures.
   It protects you from poison.
 b - a +2 lajatang of protection
   (You found it on level 9 of the Dungeon)
 g - a +0 trident
 M - a +0 morningstar
 Z - a cursed +0 war axe
Missiles
 i - 29 stones
 j - 8 tomahawks
 k - 155 arrows
 s - 6 javelins (quivered)
Armour
 q - +0 ice dragon scales
 B - a +0 troll leather armour (worn)
 E - a +0 helmet (worn)
 G - a +2 pair of gloves (worn)
Jewellery
 t - an uncursed amulet of faith {unknown}
   (You found it in an ice cave)
 z - an uncursed amulet of the gourmand {unknown}
   (You found it in an ice cave)
 F - a -5 ring of protection
   (You found it on level 5 of the Lair of Beasts)
 K - an uncursed ring of resist corrosion
   (You found it in an ice cave)
 L - an uncursed ring of stealth
   (You found it on level 8 of the Dungeon)
 P - a ring of poison resistance (left hand)
   (You found it in an ice cave)
 Q - an uncursed ring of fire
   (You found it on level 1 of the Lair of Beasts)
 R - an uncursed amulet of regeneration
   (You found it on level 3 of the Dungeon)
 T - the ring "Sausesy" (right hand) {rF+ Str+2 Dex+2}
   (You found it on level 8 of the Dungeon)

   [ring of dexterity]

   It affects your strength (+2).
   It affects your dexterity (+2).
   It protects you from fire.
 U - the amulet "Gauhuol" (around neck) {RegenMP rC+}
   (You found it in an ice cave)

   [amulet of magic regeneration]

   It increases your magic regeneration.
   It protects you from cold.
 W - an uncursed ring of flight
   (You found it in an ice cave)
Wands
 p - a wand of paralysis (4)
 H - a wand of flame (19)
Scrolls
 h - a scroll of immolation
 n - 7 scrolls of teleportation
 o - 3 scrolls of fear
 r - 3 scrolls of remove curse
 u - 2 scrolls of enchant weapon
 v - a scroll of enchant armour
 y - 2 scrolls of blinking
 D - 2 scrolls of amnesia
 S - 2 scrolls of summoning
Potions
 e - a potion of heal wounds
 f - 3 potions of magic
 l - a potion of agility
 m - a potion of berserk rage {unknown}
 w - a potion of invisibility {unknown}
 x - 2 potions of degeneration
 C - 2 potions of haste
 J - a potion of lignification {unknown}
 N - 2 potions of brilliance
 O - a potion of cancellation
 Y - a potion of curing
Books
 d - a book of Battle

   Spells                             Type                      Level
   a - Infusion                       Charms                       1
   b - Shroud of Golubria             Charms/Translocation         2
   c - Song of Slaying                Charms                       2
   d - Spectral Weapon                Hexes/Charms                 3
   e - Regeneration                   Charms/Necromancy            3
 A - a book of Minor Magic
   (You found it on level 5 of the Dungeon)

   Spells                             Type                      Level
   a - Magic Dart                     Conjuration                  1
   b - Blink                          Translocation                2
   c - Call Imp                       Summoning                    2
   d - Slow                           Hexes                        2
   e - Conjure Flame                  Conjuration/Fire             3
   f - Mephitic Cloud                 Conjuration/Poison/Air       3
 I - a book of Power
   (You found it on level 8 of the Dungeon)

   Spells                             Type                      Level
   a - Iskenderun's Battlesphere      Conjuration/Charms           5
   b - Venom Bolt                     Conjuration/Poison           5
   c - Bolt of Magma                  Conjuration/Fire/Earth       5
   d - Iron Shot                      Conjuration/Earth            6
   e - Orb of Destruction             Conjuration                  7
   f - Spellforged Servitor           Conjuration/Summoning        7
 X - a book of Clouds
   (You found it on level 9 of the Dungeon)

   Spells                             Type                      Level
   a - Poisonous Vapours              Poison/Air                   2
   b - Mephitic Cloud                 Conjuration/Poison/Air       3
   c - Conjure Flame                  Conjuration/Fire             3
   d - Freezing Cloud                 Conjuration/Ice/Air          6
   e - Ring of Flames                 Charms/Fire                  7
Comestibles
 c - 20 rations


   Skills:
 + Level 8.3 Fighting
 + Level 6.8 Short Blades
 + Level 6.8 Long Blades
 + Level 8.3 Axes
 + Level 6.8 Maces & Flails
 + Level 6.8 Polearms
 + Level 6.8 Staves
 + Level 6.8 Slings
 + Level 6.8 Bows
 + Level 6.8 Crossbows
 + Level 6.8 Throwing
 + Level 7.3 Armour
 + Level 8.3 Dodging
 + Level 6.8 Stealth
 + Level 6.8 Shields
 + Level 6.8 Unarmed Combat
 + Level 8.5 Spellcasting
 + Level 5.6 Conjurations
 + Level 5.6 Hexes
 + Level 8.0 Charms
 + Level 5.6 Summonings
 + Level 5.6 Necromancy
 + Level 5.6 Translocations
 + Level 5.6 Transmutations
 + Level 5.6 Fire Magic
 + Level 5.6 Ice Magic
 + Level 5.6 Air Magic
 + Level 5.6 Earth Magic
 + Level 5.6 Poison Magic
 + Level 7.4 Invocations
 + Level 6.8 Evocations


You had 17 spell levels left.
You knew the following spells:

 Your Spells              Type           Power        Failure   Level  Hunger
g - Shroud of Golubria    Chrm/Tloc      ######....   1%          2    None
i - Infusion              Chrm           ####         1%          1    None
r - Regeneration          Chrm/Necr      ######....   1%          3    None
w - Spectral Weapon       Hex/Chrm       ######..     1%          3    None
y - Song of Slaying       Chrm           ######..     1%          2    None


Dungeon Overview and Level Annotations

Branches:
Dungeon (11/15)            Temple (1/1) D:5            Lair (5/6) D:10
  Snake (0/4) Lair:2        Slime (0/5) Lair:5
  Swamp: Lair:2-4    Shoals: Lair:2-4       Orc: D:9-12

Altars:
Ashenzari
Cheibriados
Dithmenos
Fedhas
Gozag
Hepliaklqana
Kikubaaqudgha
Makhleb
Uskayaw

Shops:
D:5 ?   D:6 (

Annotations:
D:5 Prince Ribbit
Lair:4 exclusion: oklob plant


Innate Abilities, Weirdness & Mutations

Your experience applies equally to all skills.
You have very sharp teeth.
Your uncanny sense of smell can sniff out nearby items.
You possess an exceptional clarity of mind.
You are weak. (Str -2)
Your spells are a little harder to cast, but a little more powerful.


Message History

You hit the hippogriff.
The hippogriff is heavily wounded.
Your spectral weapon hits the hippogriff!!
The hippogriff bites you but does no damage.
The hippogriff completely misses you. The hippogriff closely misses you.
You hit the hippogriff.
The hippogriff is almost dead.
Your spectral weapon hits the hippogriff!
You kill the hippogriff!
Cheibriados appreciates the change of pace.
Your Charms skill increases to level 8!
You see here a tourmaline ring.
F - a tourmaline ring Put on which piece of jewellery? (? for menu, Esc to quit)
You're wearing all the rings you can.
Remove which one? (? for menu, Esc to cancel) < or
P - a ring of poison resistance; > or
K - a ring of resist corrosion You remove your ring of resist corrosion.
Oops, that ring feels deathly cold.
F - a cursed -5 ring of protection (right hand)
As you read the scroll of remove curse, it crumbles to dust.
You feel as if something is helping you.
Your shroud begins to fray at the edges.
Put on which piece of jewellery? (? for menu, Esc to quit)
You're already wearing that object!
Unknown command.
Put on which piece of jewellery? (? for menu, Esc to quit)
You're wearing all the rings you can.
Remove which one? (? for menu, Esc to cancel) < or
P - a ring of poison resistance; > or
F - a -5 ring of protection You remove your -5 ring of protection.
You feel agile.
T - the ring "Sausesy" (right hand) {rF+ Str+2 Dex+2} Your shroud unravels.
A five-headed hydra comes into view.
The five-headed hydra roars!
A seven-headed hydra comes into view.
Found 24 sling bullets.
You see here a scroll of summoning.
S - 2 scrolls of summoning (gained 1) Evoke which item? (* to show all) (? for menu, Esc to quit)
Okay, then.
Unknown command.
Wield which item (- for none, * to show all)? (? for menu, Esc to quit)
Okay, then.
Evoke which item? (* to show all) (? for menu, Esc to quit)
Aiming: Paralyse
Press: ? - help, Shift-Dir - straight line, f - five-headed hydra
Aim: a five-headed hydra (chance to defeat MR: 31%)
The five-headed hydra easily resists.
The five-headed hydra bites you. x4
The five-headed hydra barely misses you.
Evoke which item? (* to show all) (? for menu, Esc to quit)
Aiming: Paralyse
Press: ? - help, Shift-Dir - straight line, f/p - five-headed hydra
Aim: a five-headed hydra (chance to defeat MR: 31%)
The five-headed hydra easily resists.
The five-headed hydra bites you!
The five-headed hydra completely misses you.
The five-headed hydra closely misses you.
The five-headed hydra bites you!
The five-headed hydra bites you but does no damage.
Wield which item (- for none, * to show all)? (? for menu, Esc to quit)
Your +2 lajatang of protection goes still.
Your spectral weapon disappears as you unwield.
Pain shudders through your arm!
a - the +10 dagger "Qeanigg" (weapon)
{pain, rPois}
Casting: Spectral Weapon
Confirm with . or Enter, or press ? or * to list all spells.
You miscast Spectral Weapon.
You are very lightly contaminated with residual magic.
Your skin glows momentarily.
The five-headed hydra closely misses you.
The five-headed hydra barely misses you.
The five-headed hydra bites you but does no damage.
The five-headed hydra misses you. The five-headed hydra bites you.
The seven-headed hydra bites you!
* * * LOW HITPOINT WARNING * * *
The seven-headed hydra misses you. The seven-headed hydra bites you.
* * * LOW HITPOINT WARNING * * *
The seven-headed hydra bites you.
* * * LOW HITPOINT WARNING * * *
The seven-headed hydra bites you.
* * * LOW HITPOINT WARNING * * *
The seven-headed hydra bites you.
* * * LOW HITPOINT WARNING * * *
The seven-headed hydra misses you. The five-headed hydra misses you. x2
The five-headed hydra barely misses you.
The five-headed hydra bites you!
* * * LOW HITPOINT WARNING * * *
The five-headed hydra misses you. The flow of time bends around you.
Cheibriados rebukes the five-headed hydra.
The five-headed hydra seems to slow down.
The seven-headed hydra resists with some effort.
You feel slightly more hungry.
The seven-headed hydra barely misses you.
The seven-headed hydra bites you!
* * * LOW HITPOINT WARNING * * *
The seven-headed hydra barely misses you.
The seven-headed hydra bites you!
You die...

....#....#......## .#..
....#PP..##......###....
.....PP.P...............
........................
..<.....................
......[!................
....................##
......P.#..†......P..#
...#...###......@#......
...............DD# .....
..P.#...$...............
.......#.P............#.
...##...##.......#..P##
..##.#.# .........P..P#
..P#### #..............
....#### ......... .....
...................(....


You could see a seven-headed hydra and a five-headed hydra.

Vanquished Creatures
  The ghost of matthes123 the Severer, a journeyman HOBe of Trog (D:11)
  2 ice dragons (IceCv)
  A two-headed ogre (D:10)
  2 ice statues (IceCv)
  Psyche (D:11)
  A black mamba (Lair:5)
  A spiny frog (Lair:2)
  2 rime drakes (IceCv)
  2 komodo dragons (Lair:2)
  A troll (D:9)
  A hornet (D:8)
  A slime creature (Lair:5)
  5 blink frogs
  3 hippogriffs
  A shadow (D:11)
  A yak (D:10)
  3 basilisks
  3 hungry ghosts
  Menkaure (D:7)
  3 water moccasins (Lair:2)
  3 porcupines
  14 ice beasts (IceCv)
  3 sky beasts
  2 orc warriors (D:9)
  4 ogres
  3 phantoms
  2 centaurs
  A crocodile (Lair:2)
  3 bullfrogs
  2 water moccasin zombies (Ossuary)
  A scorpion (D:9)
  4 killer bees
  4 wights (D:10)
  A centaur zombie (D:10)
  A crimson imp (D:6)
  4 hounds
  8 orc priests
  3 jellies (Lair:5)
  A bullfrog skeleton (D:5)
  8 orc wizards
  Natasha (thrice) (D:2)
  3 worker ants
  2 mummies (Ossuary)
  Robin (D:1)
  A howler monkey skeleton (D:6)
  10 adders
  An ooze (D:3)
  2 adder zombies (Ossuary)
  2 adder skeletons
  A worm (D:2)
  2 dart slugs
  8 leopard geckos
  16 orcs
  3 bats
  2 giant cockroaches (D:3)
  2 gnoll zombies (Ossuary)
  15 goblins
  8 hobgoblins
  6 jackals
  3 quokkas
  A ball python (D:2)
  4 frilled lizards
  6 hobgoblin zombies (Ossuary)
  7 kobolds
  2 kobold zombies (Ossuary)
  5 orc zombies (Ossuary)
  A quokka skeleton (D:8)
  A quokka zombie (D:10)
  5 rats
231 creatures vanquished.

Vanquished Creatures (others)
  2 fungi (Lair:5)
  A plant (Lair:2)
  5 spectral weapons
8 creatures vanquished.

Grand Total: 239 creatures vanquished

Notes
Turn   | Place    | Note
-------+----------+-------------------------------------------
     0 | D:1      | tidbits the Gnoll Skald began the quest for the Orb.
     0 | D:1      | Reached XP level 1. HP: 20/20 MP: 6/6
    35 | D:1      | Reached XP level 2. HP: 23/26 MP: 0/7
   116 | D:2      | Noticed Natasha
   122 | D:2      | Killed Natasha
   122 | D:2      | Reached skill level 5 in Spellcasting
   122 | D:2      | Reached XP level 3. HP: 19/31 MP: 1/9
   131 | D:1      | Learned a level 2 spell: Song of Slaying
   134 | D:1      | Learned a level 2 spell: Shroud of Golubria
   138 | D:1      | Learned a level 3 spell: Regeneration
   142 | D:1      | Learned a level 3 spell: Spectral Weapon
   166 | D:1      | Reached skill level 1 in Invocations
   224 | D:2      | Noticed Robin
   226 | D:2      | Noticed Natasha
   229 | D:1      | Killed Robin
   229 | D:1      | Reached skill level 1 in Short Blades
   229 | D:1      | Reached skill level 1 in Long Blades
   229 | D:1      | Reached skill level 1 in Maces & Flails
   229 | D:1      | Reached skill level 1 in Polearms
   229 | D:1      | Reached skill level 1 in Staves
   229 | D:1      | Reached skill level 1 in Slings
   229 | D:1      | Reached skill level 1 in Bows
   229 | D:1      | Reached skill level 1 in Crossbows
   229 | D:1      | Reached skill level 1 in Throwing
   229 | D:1      | Reached skill level 1 in Stealth
   229 | D:1      | Reached skill level 1 in Shields
   229 | D:1      | Reached skill level 1 in Unarmed Combat
   229 | D:1      | Reached skill level 1 in Evocations
   230 | D:1      | Reached XP level 4. HP: 24/38 MP: 1/11
   304 | D:2      | Killed Natasha
   304 | D:2      | Reached skill level 1 in Conjurations
   304 | D:2      | Reached skill level 1 in Hexes
   304 | D:2      | Reached skill level 1 in Summonings
   304 | D:2      | Reached skill level 1 in Necromancy
   304 | D:2      | Reached skill level 1 in Translocations
   304 | D:2      | Reached skill level 1 in Transmutations
   304 | D:2      | Reached skill level 1 in Fire Magic
   304 | D:2      | Reached skill level 1 in Ice Magic
   304 | D:2      | Reached skill level 1 in Air Magic
   304 | D:2      | Reached skill level 1 in Earth Magic
   304 | D:2      | Reached skill level 1 in Poison Magic
   343 | D:2      | Noticed Natasha
   353 | D:2      | Killed Natasha
   353 | D:2      | Reached XP level 5. HP: 4/43 MP: 6/12
   361 | D:2      | HP: 3/43 [goblin/stone (5)]
   537 | D:3      | Reached skill level 3 in Armour
   672 | D:4      | Reached skill level 2 in Invocations
   672 | D:4      | Reached XP level 6. HP: 40/50 MP: 8/13
   799 | D:4      | Reached skill level 5 in Fighting
   799 | D:4      | Reached skill level 5 in Axes
   799 | D:4      | Reached skill level 5 in Dodging
   804 | D:5      | Entered Level 5 of the Dungeon
   804 | D:5      | Noticed a phantom
   823 | D:5      | Killed a phantom
   823 | D:5      | Reached skill level 2 in Short Blades
   823 | D:5      | Reached skill level 2 in Long Blades
   823 | D:5      | Reached skill level 2 in Maces & Flails
   823 | D:5      | Reached skill level 2 in Polearms
   823 | D:5      | Reached skill level 2 in Staves
   823 | D:5      | Reached skill level 2 in Slings
   823 | D:5      | Reached skill level 2 in Bows
   823 | D:5      | Reached skill level 2 in Crossbows
   823 | D:5      | Reached skill level 2 in Throwing
   823 | D:5      | Reached skill level 2 in Stealth
   823 | D:5      | Reached skill level 2 in Shields
   823 | D:5      | Reached skill level 2 in Unarmed Combat
   823 | D:5      | Reached skill level 2 in Evocations
   851 | D:5      | Noticed a sky beast
   889 | D:5      | Reached XP level 7. HP: 56/56 MP: 9/15
   936 | D:5      | Noticed Prince Ribbit
  1079 | D:5      | Found a staircase to the Ecumenical Temple.
  1089 | Temple   | Entered the Ecumenical Temple
  1105 | Temple   | Became a worshipper of Cheibriados the Contemplative
  1125 | D:5      | Found Baicho's Magic Scroll Shoppe.
  1170 | D:5      | Bought a scroll of identify for 24 gold pieces
  1194 | D:5      | Found an opulent altar of Gozag.
  1201 | D:5      | Reached skill level 2 in Conjurations
  1201 | D:5      | Reached skill level 2 in Hexes
  1201 | D:5      | Reached skill level 2 in Summonings
  1201 | D:5      | Reached skill level 2 in Necromancy
  1201 | D:5      | Reached skill level 2 in Translocations
  1201 | D:5      | Reached skill level 2 in Transmutations
  1201 | D:5      | Reached skill level 2 in Fire Magic
  1201 | D:5      | Reached skill level 2 in Ice Magic
  1201 | D:5      | Reached skill level 2 in Air Magic
  1201 | D:5      | Reached skill level 2 in Earth Magic
  1201 | D:5      | Reached skill level 2 in Poison Magic
  1370 | D:6      | Reached skill level 3 in Invocations
  1379 | D:6      | Reached * piety under Cheibriados
  1383 | D:6      | Reached XP level 8. HP: 50/63 MP: 11/16
  1417 | D:6      | Found Ybosan's Antique Weapon Emporium.
  1448 | D:6      | Reached skill level 6 in Charms
  1510 | D:6      | Reached skill level 3 in Short Blades
  1510 | D:6      | Reached skill level 3 in Long Blades
  1510 | D:6      | Reached skill level 3 in Maces & Flails
  1510 | D:6      | Reached skill level 3 in Polearms
  1510 | D:6      | Reached skill level 3 in Staves
  1510 | D:6      | Reached skill level 3 in Slings
  1510 | D:6      | Reached skill level 3 in Bows
  1510 | D:6      | Reached skill level 3 in Crossbows
  1510 | D:6      | Reached skill level 3 in Throwing
  1510 | D:6      | Reached skill level 4 in Armour
  1510 | D:6      | Reached skill level 3 in Stealth
  1510 | D:6      | Reached skill level 3 in Shields
  1510 | D:6      | Reached skill level 3 in Unarmed Combat
  1510 | D:6      | Reached skill level 3 in Evocations
  1595 | D:7      | Reached skill level 6 in Spellcasting
  1631 | D:7      | Noticed Menkaure
  1655 | D:7      | Killed Menkaure
  1704 | D:7      | HP: 6/64 [killer bee (4)]
  1738 | D:7      | Noticed a hippogriff
  1838 | D:8      | Found a sand-covered staircase.
  1847 | Ossuary  | Entered an ossuary
  1903 | Ossuary  | Reached ** piety under Cheibriados
  1928 | Ossuary  | Reached skill level 3 in Conjurations
  1928 | Ossuary  | Reached skill level 3 in Hexes
  1928 | Ossuary  | Reached skill level 3 in Summonings
  1928 | Ossuary  | Reached skill level 3 in Necromancy
  1928 | Ossuary  | Reached skill level 3 in Translocations
  1928 | Ossuary  | Reached skill level 3 in Transmutations
  1928 | Ossuary  | Reached skill level 3 in Fire Magic
  1928 | Ossuary  | Reached skill level 3 in Ice Magic
  1928 | Ossuary  | Reached skill level 3 in Air Magic
  1928 | Ossuary  | Reached skill level 3 in Earth Magic
  1928 | Ossuary  | Reached skill level 3 in Poison Magic
  1928 | Ossuary  | Reached skill level 4 in Invocations
  1946 | Ossuary  | Reached XP level 9. HP: 67/69 MP: 11/18
  1971 | Ossuary  | Reached skill level 6 in Fighting
  1971 | Ossuary  | Reached skill level 6 in Axes
  1971 | Ossuary  | Reached skill level 6 in Dodging
  2056 | D:8      | Got a coiled steel ring
  2057 | D:8      | Identified the ring "Sausesy" {rF+ Str+2 Dex+2} (You found it on level 8 of the Dungeon)
  2080 | D:8      | Noticed a hornet
  2085 | D:8      | Gained mutation: You possess an exceptional clarity of mind. [potion of mutation]
  2085 | D:8      | Gained mutation: You are weak. (Str -2) [potion of mutation]
  2085 | D:8      | Gained mutation: Your spells are a little harder to cast, but a little more powerful. [potion of mutation]
  2096 | D:8      | Paralysed by a hornet for 2 turns
  2111 | D:8      | Killed a hornet
  2165 | D:8      | Reached skill level 4 in Short Blades
  2165 | D:8      | Reached skill level 4 in Long Blades
  2165 | D:8      | Reached skill level 4 in Maces & Flails
  2165 | D:8      | Reached skill level 4 in Polearms
  2165 | D:8      | Reached skill level 4 in Staves
  2165 | D:8      | Reached skill level 4 in Slings
  2165 | D:8      | Reached skill level 4 in Bows
  2165 | D:8      | Reached skill level 4 in Crossbows
  2165 | D:8      | Reached skill level 4 in Throwing
  2165 | D:8      | Reached skill level 4 in Stealth
  2165 | D:8      | Reached skill level 4 in Shields
  2165 | D:8      | Reached skill level 4 in Unarmed Combat
  2165 | D:8      | Reached skill level 4 in Evocations
  2479 | D:9      | Noticed a troll
  2489 | D:9      | Killed a troll
  2489 | D:9      | Reached skill level 5 in Armour
  2521 | D:9      | Got a crystal dagger
  2522 | D:9      | Identified the +10 dagger "Qeanigg" {pain, rPois} (You found it on level 9 of the Dungeon)
  2552 | D:10     | Entered Level 10 of the Dungeon
  2591 | D:10     | Reached *** piety under Cheibriados
  2666 | D:11     | Noticed matthes123's ghost (journeyman HOBe)
  2670 | D:11     | Noticed Psyche
  2670 | D:11     | Reached skill level 5 in Invocations
  2690 | D:11     | Killed matthes123's ghost
  2690 | D:11     | Reached skill level 7 in Spellcasting
  2690 | D:11     | Reached skill level 4 in Conjurations
  2690 | D:11     | Reached skill level 4 in Hexes
  2690 | D:11     | Reached skill level 4 in Summonings
  2690 | D:11     | Reached skill level 4 in Necromancy
  2690 | D:11     | Reached skill level 4 in Translocations
  2690 | D:11     | Reached skill level 4 in Transmutations
  2690 | D:11     | Reached skill level 4 in Fire Magic
  2690 | D:11     | Reached skill level 4 in Ice Magic
  2690 | D:11     | Reached skill level 4 in Air Magic
  2690 | D:11     | Reached skill level 4 in Earth Magic
  2690 | D:11     | Reached skill level 4 in Poison Magic
  2690 | D:11     | Reached XP level 10. HP: 49/77 MP: 15/20
  2706 | D:11     | Killed Psyche
  2706 | D:11     | Reached skill level 5 in Short Blades
  2706 | D:11     | Reached skill level 5 in Long Blades
  2706 | D:11     | Reached skill level 5 in Maces & Flails
  2706 | D:11     | Reached skill level 5 in Polearms
  2706 | D:11     | Reached skill level 5 in Staves
  2706 | D:11     | Reached skill level 5 in Slings
  2706 | D:11     | Reached skill level 5 in Bows
  2706 | D:11     | Reached skill level 5 in Crossbows
  2706 | D:11     | Reached skill level 5 in Throwing
  2706 | D:11     | Reached skill level 5 in Stealth
  2706 | D:11     | Reached skill level 5 in Shields
  2706 | D:11     | Reached skill level 5 in Unarmed Combat
  2706 | D:11     | Reached skill level 5 in Evocations
  2725 | D:11     | Reached skill level 7 in Charms
  2770 | D:10     | Noticed a two-headed ogre
  2775 | D:10     | Killed a two-headed ogre
  2775 | D:10     | Reached skill level 7 in Fighting
  2775 | D:10     | Reached skill level 7 in Axes
  2775 | D:10     | Reached skill level 7 in Dodging
  2948 | D:11     | Reached skill level 6 in Armour
  2957 | D:11     | Reached skill level 6 in Invocations
  3044 | D:10     | Found a staircase to the Lair.
  3054 | D:10     | Reached **** piety under Cheibriados
  3075 | D:10     | Reached XP level 11. HP: 59/84 MP: 17/22
  3090 | Lair:1   | Entered Level 1 of the Lair of Beasts
  3180 | Lair:2   | Reached skill level 6 in Short Blades
  3180 | Lair:2   | Reached skill level 6 in Long Blades
  3180 | Lair:2   | Reached skill level 6 in Maces & Flails
  3180 | Lair:2   | Reached skill level 6 in Polearms
  3180 | Lair:2   | Reached skill level 6 in Staves
  3180 | Lair:2   | Reached skill level 6 in Slings
  3180 | Lair:2   | Reached skill level 6 in Bows
  3180 | Lair:2   | Reached skill level 6 in Crossbows
  3180 | Lair:2   | Reached skill level 6 in Throwing
  3180 | Lair:2   | Reached skill level 6 in Stealth
  3180 | Lair:2   | Reached skill level 6 in Shields
  3180 | Lair:2   | Reached skill level 6 in Unarmed Combat
  3180 | Lair:2   | Reached skill level 6 in Evocations
  3264 | Lair:2   | Found a frozen archway.
  3286 | IceCv    | Entered an ice cave
  3295 | IceCv    | Reached skill level 5 in Conjurations
  3295 | IceCv    | Reached skill level 5 in Hexes
  3295 | IceCv    | Reached skill level 5 in Summonings
  3295 | IceCv    | Reached skill level 5 in Necromancy
  3295 | IceCv    | Reached skill level 5 in Translocations
  3295 | IceCv    | Reached skill level 5 in Transmutations
  3295 | IceCv    | Reached skill level 5 in Fire Magic
  3295 | IceCv    | Reached skill level 5 in Ice Magic
  3295 | IceCv    | Reached skill level 5 in Air Magic
  3295 | IceCv    | Reached skill level 5 in Earth Magic
  3295 | IceCv    | Reached skill level 5 in Poison Magic
  3314 | IceCv    | Reached skill level 8 in Spellcasting
  3419 | IceCv    | Noticed an ice dragon
  3420 | IceCv    | Noticed an ice dragon
  3425 | IceCv    | Killed an ice dragon
  3425 | IceCv    | Reached skill level 8 in Fighting
  3425 | IceCv    | Reached skill level 8 in Axes
  3425 | IceCv    | Reached skill level 7 in Armour
  3425 | IceCv    | Reached skill level 8 in Dodging
  3425 | IceCv    | Reached skill level 7 in Invocations
  3433 | IceCv    | Killed an ice dragon
  3455 | IceCv    | Got a warped ruby amulet
  3461 | IceCv    | Identified the amulet "Gauhuol" {RegenMP rC+} (You found it in an ice cave)
  3524 | IceCv    | Reached ***** piety under Cheibriados
  3630 | Lair:4   | Found a shadowy altar of Dithmenos.
  3630 | Lair:4   | Noticed an oklob plant
  3683 | Lair:5   | Found a staircase to the Slime Pits.
  3758 | Lair:5   | Reached XP level 12. HP: 86/93 MP: 21/24
  3802 | Lair:5   | Reached skill level 8 in Charms
  3815 | Lair:5   | Noticed a five-headed hydra
  3816 | Lair:5   | Noticed a seven-headed hydra
  3823 | Lair:5   | HP: 8/93 [seven-headed hydra (13)]
  3823 | Lair:5   | Slain by a seven-headed hydra

Skill      XL: |  1  2  3  4  5  6  7  8  9 10 11 12 |
---------------+-------------------------------------+-----
Spellcasting   | 5 6 7 8 |  8.5
Invocations    | 1 2 3 4 5 6 7 |  7.4
Short Blades   | 1 2 3 4 5 6 |  6.8
Long Blades    | 1 2 3 4 5 6 |  6.8
Maces & Flails | 1 2 3 4 5 6 |  6.8
Polearms       | 1 2 3 4 5 6 |  6.8
Staves         | 1 2 3 4 5 6 |  6.8
Slings         | 1 2 3 4 5 6 |  6.8
Bows           | 1 2 3 4 5 6 |  6.8
Crossbows      | 1 2 3 4 5 6 |  6.8
Throwing       | 1 2 3 4 5 6 |  6.8
Stealth        | 1 2 3 4 5 6 |  6.8
Shields        | 1 2 3 4 5 6 |  6.8
Unarmed Combat | 1 2 3 4 5 6 |  6.8
Evocations     | 1 2 3 4 5 6 |  6.8
Conjurations   | 1 2 3 4 5 |  5.6
Hexes          | 1 2 3 4 5 |  5.6
Summonings     | 1 2 3 4 5 |  5.6
Necromancy     | 1 2 3 4 5 |  5.6
Translocations | 1 2 3 4 5 |  5.6
Transmutations | 1 2 3 4 5 |  5.6
Fire Magic     | 1 2 3 4 5 |  5.6
Ice Magic      | 1 2 3 4 5 |  5.6
Air Magic      | 1 2 3 4 5 |  5.6
Earth Magic    | 1 2 3 4 5 |  5.6
Poison Magic   | 1 2 3 4 5 |  5.6
Armour         | 3 4 5 6 7 |  7.3
Fighting       | 5 6 7 8 |  8.3
Axes           | 5 6 7 8 |  8.3
Dodging        | 5 6 7 8 |  8.3
Charms         | 6 7 8 |  8.0

Action                   |  1- 3 |  4- 6 |  7- 9 | 10-12 || total
-------------------------+-------+-------+-------+-------++-------
Melee: Hand axe          |    23 |   115 |   190 |       ||   328
       Bite              |       |    12 |    28 |    32 ||    72
       Punch             |       |       |     6 |       ||     6
       Lajatang          |       |       |    41 |   171 ||   212
       Dire flail        |       |       |     8 |       ||     8
       Dagger            |       |       |     2 |       ||     2
Throw: Stone             |       |     2 |     6 |       ||     8
 Cast: Infusion          |     4 |       |     2 |       ||     6
       Spectral Weapon   |     1 |    17 |    34 |    21 ||    73
       Song of Slaying   |       |     8 |    13 |     7 ||    28
       Regeneration      |       |     3 |     7 |     8 ||    18
       Shroud of Golubri |       |     1 |     9 |     5 ||    15
Invok: Bend Time         |       |       |       |     1 ||     1
Evoke: Wand              |       |     1 |     6 |    14 ||    21
  Use: Potion            |       |     1 |    12 |     5 ||    18
       Scroll            |       |       |    15 |     5 ||    20
 Stab: Sleeping          |       |     1 |     1 |     4 ||     6
       Distracted        |       |     2 |     5 |     3 ||    10
       Paralysed         |       |       |       |     7 ||     7
  Eat: Chunk             |       |     1 |     7 |     2 ||    10
       Ration            |       |       |       |     2 ||     2
Armor: Leather armour    |     3 |    26 |    63 |    14 ||   106
       Troll leather arm |       |       |    13 |    67 ||    80
Dodge: Dodged            |    23 |    83 |   186 |   173 ||   465

Table legend:
 A = Turns spent in this place as a percentage of turns spent in the entire game.
 B = Non-inter-level travel turns spent in this place as a percentage of non-inter-level travel turns spent in the entire game.
 C = Inter-level travel turns spent in this place as a percentage of turns spent in this place.
 D = Turns resting spent in this place as a percentage of non-inter-level travel turns spent in this place.
 E = Turns spent auto-exploring this place as a percentage of non-inter-level travel turns spent in this place.
 F = Non-inter-level travel turns spent in this place divided by the number of levels of this place that you've seen.
                   A       B       C       D       E      F
               +-------+-------+-------+-------+-------+----------------------
         Total | 100.0 | 100.0 |   0.7 |   0.0 |   0.0 | 199.7
       Dungeon |  75.7 |  75.9 |   0.4 |   0.0 |   0.0 | 262.0
        Temple |   0.9 |   0.5 |  45.5 |   0.0 |   0.0 |  18.0
          Lair |  11.9 |  12.0 |   0.0 |   0.0 |   0.0 |  91.2
       Ossuary |   4.2 |   4.3 |   0.0 |   0.0 |   0.0 | 162.0
      Ice Cave |   7.2 |   7.3 |   0.0 |   0.0 |   0.0 | 277.0
               +-------+-------+-------+-------+-------+----------------------

Table legend:
 A = Kills in this place as a percentage of kills in entire the game.
 B = Kills by you in this place as a percentage of kills by you in the entire game.
 C = Kills by friends in this place as a percentage of kills by friends in the entire game.
 D = Other kills in this place as a percentage of other kills in the entire game.
 E = Experience gained in this place as a percentage of experience gained in the entire game.
 F = Experience gained in this place divided by the number of levels of this place that you have seen.
                   A       B       C       D       E      F
               +-------+-------+-------+-------+-------+----------------------
         Total | 100.0 | 100.0 |   N/A | 100.0 | 100.0 | 1024.5
       Dungeon |  72.7 |  72.6 |   N/A | 100.0 |  46.5 | 823.1
          Lair |   9.5 |   9.6 |   N/A |   0.0 |  24.0 | 933.8
       Ossuary |   9.1 |   9.1 |   N/A |   0.0 |   1.2 | 224.0
      Ice Cave |   8.7 |   8.7 |   N/A |   0.0 |  28.4 | 5519.0
               +-------+-------+-------+-------+-------+----------------------

Vault maps used:
D:1:      ncdulo_halloftheorcs
D:2:      kennysheep_the_goblin_king, minmay_tree_intersection,
          serial_park_tiny_pond, uniq_robin, uniq_natasha
D:4:      first_ration
D:5:      temple_statues, serial_shops, shop,
          nicolae_gozag_cash_rules_everything_around_me, uniq_prince_ribbit1
D:6:      serial_shops, nicolae_shop_overgrown_old_shop
D:7:      uniq_menkaure
D:8:      grunt_temple_overflow_holy_war, lightli_ossuary_entry_decrepit_ruins
D:9:      gammafunk_temple_overflow_elements, grunt_pizzeria
D:10:     david_lair_generic, basic_altar, uniq_snorg, uniq_sonja
D:11:     nooodl_food_tri, uniq_nergalle, uniq_psyche
Temple:   regret_index_temple_mists
Lair:1:   lemuel_slime, lemuel_fruit_fields
Lair:2:   guppyfry_snake_entry_garden, portal_ice_cave_entry_pillars_2,
          grunt_megastairs_5
Lair:3:   kennysheep_snail_temple, grunt_megastairs_4,
          infiniplex_staircase_pool_2, lemuel_fruit_tree
Lair:4:   swamp_mist, basic_altar, st_stairs_4, lemuel_oklob_altar,
          grunt_megastairs_3
Lair:5:   statuecave_lemuel, minmay_slime_entry_pillars
Ossuary:  ossuary_tomb_2
IceCv:    ice_cave_small_dragons
